 Dungeon Crawl Stone Soup version 0.31-a0-538-gbc85326fa9 (webtiles) character file.

Game seed: 13668351856616994216

12 HallandMoats the Trooper (level 2, 24/24 HPs)
             Began as a Demonspawn Fighter on Aug 14, 2023.
             Got out of the dungeon alive.
             The game lasted 00:00:51 (339 turns).

HallandMoats the Trooper (Demonspawn Fighter)        Turns: 339, Time: 00:00:52

Health: 24/24      AC:  6    Str: 16    XL:     2   Next: 20%
Magic:  3/3        EV:  8    Int:  9    God:
Gold:   61         SH:  4    Dex: 12    Spells: 1/1 levels left

rFire   . . .        a - +0 war axe
rCold   . . .        c - +0 buckler
rNeg    . . .        b - +0 scale mail
rPois   .            (no helmet)
rElec   .            (no cloak)
rCorr   .            (no gloves)
SInv    .            (no boots)
Will    .....        (no amulet) Stlth
                     (no ring)
HPRegen 0.24/turn    (no ring)
MPRegen 0.08/turn

%: no passive effects
@: no status effects
A: powered by pain 1
a: no special abilities


You escaped.
You visited 1 branch of the dungeon, and saw 1 of its levels.

You collected 61 gold pieces.

Inventory:

Hand Weapons
 a - a +0 war axe (weapon)
Armour
 b - a +0 scale mail (worn)
 c - a +0 buckler (worn)
Potions
 d - a potion of might
 e - a potion of resistance {unknown}
 f - a potion of attraction {unknown}
 g - a potion of haste {unknown}


   Skills:
 + Level 3.3 Fighting
 - Level 1.7 Axes
 - Level 2.6 Armour
 - Level 2.6 Shields
 + Level 1.7 Invocations


You had one spell level left.
You didn't know any spells.
Your spell library was empty.

Dungeon Overview and Level Annotations

Branches:
Dungeon (1/15)

Altars:


Innate Abilities, Weirdness & Mutations

You sometimes gain a little power by taking damage.


Message History

You have reached level 2!
Your demonic ancestry asserts itself...
You feel energised by your suffering.
You slash the jackal!
You kill the jackal!
The jackal barely misses you.
Unknown command.
You closely miss the jackal. The jackal barely misses you.
The jackal bites you but does no damage.
The jackal closely misses you.
Unknown command.
You closely miss the jackal. x2; You block the jackal's attack.
The jackal bites you but does no damage. x2
The jackal bites you.
Unknown command.
You hit the jackal but do no damage. You closely miss the jackal.
The jackal bites you but does no damage.
The jackal bites you. The jackal closely misses you.
You block the jackal's attack.
Unknown command.
You slash the jackal!
You kill the jackal!
You hit the jackal.
The jackal bites you but does no damage. x2
Unknown command.
The jackal closely misses you.
You see here a jackal corpse.
Unknown command.
You slash the jackal!
You kill the jackal!
You see here a jackal corpse.
Things that are here:
a +0 dagger; 2 stones You see here a +0 robe.
There is an open door here.
You open the door.
There is an open door here.
There is a staircase leading out of the dungeon here.
You can't go down here!
You have escaped!

######### ##.......##
######....@....######
##...................##
#...⌠....##'##....⌠...#
#........#...#........#
#........+8.8'........#
###########'###########
#...#.# ###.#.## ####
#..#.#


There were no monsters in sight!

Vanquished Creatures
  A ball python (D:1)
  An endoplasm (D:1)
  A hobgoblin (D:1)
  3 jackals (D:1)
  A kobold (D:1)
  3 frilled lizards (D:1)
  A rat (D:1)
11 creatures vanquished.

Notes
Turn   | Place    | Note
-------+----------+-------------------------------------------
     0 | D:1      | HallandMoats the Demonspawn Fighter began the quest for the
                  | Orb.
     0 | D:1      | Reached XP level 1. HP: 18/18 MP: 1/1
   144 | D:1      | Reached skill level 1 in Invocations
   251 | D:1      | Gained mutation: You sometimes gain a little power by
                  | taking damage. [demonic ancestry]
   251 | D:1      | Reached XP level 2. HP: 24/24 MP: 3/3
   339 | D:$      | Got out of the dungeon alive.

Illustrated notes

Levels and vault maps discovered:
D:1:      giann_wishing_wells, layout_loops_ring,
          shapermc_ecumenical_altar_mp_urbaneastern, dreamdust_wishing_well,
          serial_bayou_pond_a, grunt_decor_one_mirror

Skill      XL: |  1 |
---------------+----+-----
Invocations    | 1 |  1.7
Fighting       | |  3.3
Axes           | |  1.7
Armour         | |  2.6
Shields        | |  2.6

Action                     || total
---------------------------++-------
  Melee: War axe           ||    30
 Armour: Scale mail        ||    11
  Dodge: Dodged            ||    12
  Block: Buckler           ||     7

Table legend: (Time is in decaauts)
 A = Elapsed time spent in this place.
 B = Non-inter-level travel time spent in this place.
 C = Inter-level travel time spent in this place.
 D = Time resting spent in this place.
 E = Time spent auto-exploring this place.
 F = Levels seen in this place.
 G = Mean time per level.
                   A        B        C        D        E       F      G
               +--------+--------+--------+--------+--------+-----+--------+
         Total |    353 |    274 |     79 |     26 |    163 |   1 |  353.0 |
       Dungeon |    353 |    274 |     79 |     26 |    163 |   1 |  353.0 |
               +--------+--------+--------+--------+--------+-----+--------+

Top non-repeatable levels by time:
     D:1: 353 daAuts
